AoeStats
← 1830794305

Arabia

510770299Analyzed
1v1 RM · 1d ago on Oct 2, 2026· 23m 11s· 2 players
Game mode
Random Map
Map size
Tiny (2 player)
Population
200
Speed
Normal
Resources
Standard
Victory
Conquest
Starting age
Dark Age
Ending age
Imperial Age
RankedLock teamsTeams togetherTeam positionsShared explorationLock speedFull tech treeHidden civsTurbo modeCheats
Victory
Defeat
🇸🇰 Japanese · Slovakia
873
+17
🇨🇳 Poles · China
903
-44
Dobby´s Funsock
8:18 Loom
10:59 Feudal Age
16:48 Castle Age
14:44 Horse Collar
14:51 Double-Bit Axe
17:57 Forging
17:40 Fletching
18:32 Crossbowman
19:18 Thumb Ring
20:23 Wheelbarrow
19:41 Pikeman
22:41 Squires
22:26 Gambesons
1830794305
12:37 Feudal Age
14:37 Wheelbarrow
15:03 Man-at-Arms
16:59 Horse Collar
18:02 Double-Bit Axe
18:11 Gold Mining
19:15 Loom
22:35 Bloodlines
Connection lost

Rejoining the realm…

Still unreachable

The connection could not be restored.

Session expired

The server has moved on; the page needs a fresh start.